WCHLSIM.com - West Coast Hockey League
html PUBLIC "-//W3C//DTD XHTML 1.0 Transitional//EN" "http://www.w3.org/TR/xhtml1/DTD/xhtml1-transitional.dtd"> WCHL - Game 100 - BOISE CARIBOUS vs SAN FRANCISCO SPIDERS

BOISE CARIBOUS vs SAN FRANCISCO SPIDERS

Created - 27 octobre 2023 at 21:03

Goals
1 2 3 T
BOISE CARIBOUS 1 1 1 3
SAN FRANCISCO SPIDERS 2 1 1 4
Shots
1 2 3 T
BOISE CARIBOUS 7 9 17 33
SAN FRANCISCO SPIDERS 13 12 11 36

1st period

1. SAN FRANCISCO SPIDERS , Kyle Palmieri 2 (Bo Horvat 6, Trevor Moore 2) at 4:52
2. SAN FRANCISCO SPIDERS , Bo Horvat 4 (Darnell Nurse 5, Kyle Palmieri 4) at 13:24
3. BOISE CARIBOUS , Vincent Trocheck 2 (Rasmus Dahlin 5) at 19:32

Penalties :
No Penalty

2nd period

4. BOISE CARIBOUS , Matt Duchene 3 (Rasmus Dahlin 6, Artturi Lehkonen 5) at 3:21 (PP)
5. SAN FRANCISCO SPIDERS , Andrei Svechnikov 2 (Kirby Dach 1, Zach Hyman 7) at 4:34

Penalties :
Sebastian Aho (SAF) for Hooking (Minor) at 3:13

3rd period

6. SAN FRANCISCO SPIDERS , Bo Horvat 5 (Darnell Nurse 6, Trevor Moore 3) at 0:53
7. BOISE CARIBOUS , Tim Stutzle 4 (Moritz Seider 3, Vincent Trocheck 4) at 15:57

Penalties :
Michael Anderson (SAF) for Hooking (Minor) at 1:17, Sebastian Aho (SAF) for Roughing (Minor) at 10:23, Trevor Moore (SAF) for High sticking (Minor) at 17:00

Goalie Stats

Brian Elliott (BOI), 10 saves from 10 shots - (1,000), 18:18 minutes
Ilya Sorokin (BOI), 22 saves from 26 shots - (0,846), L, 4-3-0, 40:53 minutes
Igor Shesterkin (SAF), 30 saves from 33 shots - (0,909), W, 5-1-1, 60:00 minutes

Players Stats for BOISE CARIBOUS

Player Name              G  A  P  +/- PIM S  H  SB GA TA FO     MP     PP MP  PK MP  
------------------------------------------------------------------------------------
Artturi Lehkonen         0  1  1  -3  0   3  0  0  0  0  0/1    19:28   3:15   0:00 
Charlie Coyle            0  0  0  -1  0   4  0  0  0  0  13/22  14:16   0:00   0:00 
Dylan DeMelo             0  0  0  -2  0   1  0  5  0  0  0/0    15:43   0:00   0:00 
Gabriel Vilardi          0  0  0  -1  0   0  0  1  0  0  1/2    14:21   0:00   0:00 
Jean-Gabriel Pageau      0  0  0  -3  0   0  1  0  0  0  13/18  18:03   2:45   0:00 
Jesperi Kotkaniemi       0  0  0   0  0   0  1  0  0  0  6/7     6:52   0:00   0:00 
Kaapo Kakko              0  0  0   0  0   0  0  0  0  0  0/0     6:52   0:00   0:00 
Kirill Marchenko         0  0  0   0  0   2  0  0  0  0  0/0     6:52   0:00   0:00 
Lawson Crouse            0  0  0  -1  0   6  0  1  0  0  0/1    17:01   2:45   0:00 
Marcus Pettersson        0  0  0  -1  0   0  1  2  0  0  0/0    17:25   0:00   0:00 
Matt Duchene             1  0  1   2  0   3  0  0  0  0  1/1    19:14   2:45   0:00 
Moritz Seider            0  1  1  -1  0   1  1  0  0  0  0/0    20:15   2:50   0:00 
Nick Schmaltz            0  0  0  -3  0   0  0  0  0  0  1/2    19:38   3:20   0:00 
Rasmus Andersson         0  0  0   1  0   1  0  1  0  0  0/0    23:58   2:50   0:00 
Rasmus Dahlin            0  2  2   1  0   2  3  1  0  0  0/0    24:02   3:15   0:00 
Tim Stutzle              1  0  1   2  0   8  3  0  0  0  3/3    20:49   3:20   0:00 
Troy Stecher             0  0  0  -2  0   0  0  2  0  0  0/0    15:22   0:00   0:00 
Vincent Trocheck         1  1  2   2  0   2  1  0  0  0  14/26  19:49   3:20   0:00 

Players Stats for SAN FRANCISCO SPIDERS

Player Name              G  A  P  +/- PIM S  H  SB GA TA FO     MP     PP MP  PK MP  
------------------------------------------------------------------------------------
Andrei Svechnikov        1  0  1  -1  0   5  1  0  0  0  0/0    17:02   0:00   0:00 
Bo Horvat                2  1  3   3  0   9  2  0  0  0  12/23  21:19   0:00   4:05 
Brenden Dillon           0  0  0   3  0   0  7  3  0  0  0/0    27:16   0:00   3:16 
Dakota Joshua            0  0  0   0  0   1  0  0  0  0  3/5     4:06   0:00   0:05 
Darnell Nurse            0  2  2   3  0   0  1  3  0  0  0/0    25:18   0:00   2:54 
Eeli Tolvanen            0  0  0   0  0   2  0  0  0  0  0/0     5:04   0:00   0:00 
Erik Gudbranson          0  0  0  -2  0   2  1  3  0  0  0/0    22:05   0:00   2:49 
Jacob Middleton          0  0  0   1  0   1  3  0  0  0  0/0    18:07   0:00   2:40 
Jared McCann             0  0  0   0  0   2  0  0  0  0  0/2    15:51   0:00   0:00 
Kirby Dach               0  1  1  -1  0   2  0  0  0  0  3/19   16:49   0:00   0:00 
Kyle Palmieri            1  1  2   3  0   2  0  0  0  0  0/0    16:30   0:00   0:00 
Michael Anderson         0  0  0  -1  2   3  1  6  0  0  0/0    24:11   0:00   0:31 
Sean Durzi               0  0  0   0  0   0  0  1  0  0  0/0     0:27   0:00   0:00 
Sebastian Aho            0  0  0   0  4   2  0  0  0  0  10/22  18:53   0:00   1:45 
Trent Frederic           0  0  0   0  0   1  1  0  0  0  0/0     3:45   0:00   0:00 
Trevor Moore             0  2  2   3  2   1  1  0  0  0  0/0    16:29   0:00   0:00 
Viktor Arvidsson         0  0  0   0  0   1  5  1  0  0  0/0    19:05   0:00   2:30 
Zach Hyman               0  1  1  -1  0   2  2  2  0  0  3/12   21:34   0:00   3:45 

3 Stars

1 - Bo Horvat (SAF)
2 - Kyle Palmieri (SAF)
3 - Darnell Nurse (SAF)

Power Play

BOISE CARIBOUS - 1 on 4 Attempt(s) - 25,00%
SAN FRANCISCO SPIDERS - 0 on 0 Attempt(s) - 0,00%

Penalty Kill

BOISE CARIBOUS - 0 on 0 Attempt(s) - 0,00% - Score 0 goal in Penalty Kill
SAN FRANCISCO SPIDERS - 3 on 4 Attempt(s) - 75,00% - Score 0 goal in Penalty Kill

Team Stat

BOISE CARIBOUS - Hits : 11 - Faceoff Wins : 52 - Blocked Shots : 13 - Penalty Minutes : 0
SAN FRANCISCO SPIDERS - Hits : 25 - Faceoff Wins : 31 - Blocked Shots : 19 - Penalty Minutes : 8

Official

Referees : Tim Mayer and Ryan Hersey
Linesman : Tyson Baker and Bryan Pancich

Game Notes

Sean Durzi is injured at 1:31 of 1st period (Right Leg)
Brian Elliott enters game at 0:53 of 3rd period

Finance

Level 1 -- Attendance: 6105 (100,00%) -- Ticket Income 915 750 $
Level 2 -- Attendance: 5180 (100,00%) -- Ticket Income 518 000 $
Level 3 -- Attendance: 2035 (100,00%) -- Ticket Income 162 800 $
Level 4 -- Attendance: 4180 (100,00%) -- Ticket Income 250 800 $
Luxury Box -- Attendance: 1000 (100,00%) -- Ticket Income 300 000 $
Game was played at the Bay Area Sports Center.
Total Attendance: 18500 (100,00%)
Total Ticket Income: 2 147 350 $
Other Expense: 21 474 $
Total Income: 2 125 876 $

BOISE CARIBOUS

5 vs 5 Forward 
   Center                   Left Wing                Right Wing               Time % Phy DF OF 
 1 Vincent Trocheck         Tim Stutzle              Matt Duchene             32     0   2  3  
 2 Jean-Gabriel Pageau      Artturi Lehkonen         Nick Schmaltz            30     1   2  2  
 3 Charlie Coyle            Lawson Crouse            Gabriel Vilardi          26     1   2  2  
 4 Jesperi Kotkaniemi       Kirill Marchenko         Kaapo Kakko              12     0   4  1  

5 vs 5 Defense 
   Defense                  Defense                                           Time % Phy DF OF 
 1 Rasmus Dahlin            Rasmus Andersson                                  37     1   2  2  
 2 Marcus Pettersson        Moritz Seider                                     35     1   2  2  
 3 Troy Stecher             Dylan DeMelo                                      26     1   4  0  
 4 Troy Stecher             Dylan DeMelo                                      2      0   5  0  

PowerPlay Forward 
   Center                   Left Wing                Right Wing               Time % Phy DF OF 
 1 Vincent Trocheck         Tim Stutzle              Nick Schmaltz            55     0   1  4  
 2 Jean-Gabriel Pageau      Lawson Crouse            Matt Duchene             45     0   2  3  

PowerPlay Defense
   Defense                  Defense                                           Time % Phy DF OF 
 1 Rasmus Dahlin            Artturi Lehkonen                                  55     0   2  3  
 2 Moritz Seider            Rasmus Andersson                                  45     0   2  3  

Penalty Kill 4 Players Forward 
   Center                   Wing                     Time % Phy DF OF 
 1 Jean-Gabriel Pageau      Charlie Coyle            55     0   3  2  
 2 Vincent Trocheck         Lawson Crouse            45     0   3  2  

Penalty Kill 4 Players Defense
   Defense                  Defense                  Time % Phy DF OF 
 1 Moritz Seider            Rasmus Andersson         55     1   4  0  
 2 Rasmus Dahlin            Marcus Pettersson        45     1   3  1  

Penalty Kill - 3 Players Forward 
   Forward                                           Time % Phy DF OF 
 1 Jesperi Kotkaniemi                                55     1   2  2  
 2 Kaapo Kakko                                       45     1   2  2  

Penalty Kill - 3 Players Defense
   Defense                  Defense                  Time % Phy DF OF 
 1 Dylan DeMelo             Troy Stecher             55     1   2  2  
 2 Rasmus Dahlin            Moritz Seider            45     1   2  2  

4 vs 4 Forward 
   Center                   Wing                     Time % Phy DF OF 
 1 Tim Stutzle              Gabriel Vilardi          55     1   2  2  
 2 Jesperi Kotkaniemi       Kirill Marchenko         45     1   2  2  

4 vs 4 Defense
   Defense                  Defense                  Time % Phy DF OF 
 1 Rasmus Dahlin            Moritz Seider            55     1   2  2  
 2 Dylan DeMelo             Marcus Pettersson        45     1   2  2  

Last Minutes Offensive
   Center                   Left Wing                Right Wing               Defense                  Defense                  
   Tim Stutzle              Artturi Lehkonen         Nick Schmaltz            Rasmus Dahlin            Rasmus Andersson         

Last Minutes Defensive
   Center                   Left Wing                Right Wing               Defense                  Defense                  
   Jean-Gabriel Pageau      Lawson Crouse            Charlie Coyle            Rasmus Dahlin            Moritz Seider            

Goaltenders
Starting : Ilya Sorokin             
Backup : Brian Elliott            

Extra Forwards
Normal : Matt Duchene, Gabriel Vilardi, Kirill Marchenko - PP : Kirill Marchenko, Tim Stutzle - PK : Lawson Crouse
Extra Defensemen
Normal : Dylan DeMelo, Troy Stecher, Moritz Seider - PP : Dylan DeMelo - PK : Troy Stecher, Marcus Pettersson
Penalty Shots
Tim Stutzle, Artturi Lehkonen, Vincent Trocheck, Nick Schmaltz, Jean-Gabriel Pageau
Custom OT Lines Forwards
Tim Stutzle, Artturi Lehkonen, Vincent Trocheck, Charlie Coyle, Jean-Gabriel Pageau, Nick Schmaltz, Matt Duchene, Lawson Crouse, Gabriel Vilardi, Jesperi Kotkaniemi
Custom OT Lines Defensemen
Rasmus Dahlin, Rasmus Andersson, Moritz Seider, Marcus Pettersson, Dylan DeMelo

Scratches
None

SAN FRANCISCO SPIDERS

5 vs 5 Forward 
   Center                   Left Wing                Right Wing               Time % Phy DF OF 
 1 Bo Horvat                Trevor Moore             Kyle Palmieri            32     0   1  4  
 2 Sebastian Aho            Jared McCann             Viktor Arvidsson         32     0   1  4  
 3 Kirby Dach               Zach Hyman               Andrei Svechnikov        31     0   1  4  
 4 Dakota Joshua            Trent Frederic           Eeli Tolvanen            5      0   4  1  

5 vs 5 Defense 
   Defense                  Defense                                           Time % Phy DF OF 
 1 Darnell Nurse            Brenden Dillon                                    36     0   4  1  
 2 Erik Gudbranson          Sean Durzi                                        31     0   4  1  
 3 Michael Anderson         Jacob Middleton                                   23     0   4  1  
 4 Darnell Nurse            Brenden Dillon                                    10     0   4  1  

PowerPlay Forward 
   Center                   Left Wing                Right Wing               Time % Phy DF OF 
 1 Sebastian Aho            Andrei Svechnikov        Jared McCann             55     0   0  5  
 2 Bo Horvat                Zach Hyman               Viktor Arvidsson         45     0   0  5  

PowerPlay Defense
   Defense                  Defense                                           Time % Phy DF OF 
 1 Darnell Nurse            Brenden Dillon                                    55     1   2  2  
 2 Erik Gudbranson          Sean Durzi                                        45     1   2  2  

Penalty Kill 4 Players Forward 
   Center                   Wing                     Time % Phy DF OF 
 1 Zach Hyman               Bo Horvat                55     1   2  2  
 2 Sebastian Aho            Viktor Arvidsson         45     1   2  2  

Penalty Kill 4 Players Defense
   Defense                  Defense                  Time % Phy DF OF 
 1 Darnell Nurse            Brenden Dillon           55     1   2  2  
 2 Erik Gudbranson          Sean Durzi               45     1   2  2  

Penalty Kill - 3 Players Forward 
   Forward                                           Time % Phy DF OF 
 1 Zach Hyman                                        55     1   2  2  
 2 Bo Horvat                                         45     1   2  2  

Penalty Kill - 3 Players Defense
   Defense                  Defense                  Time % Phy DF OF 
 1 Darnell Nurse            Brenden Dillon           55     1   2  2  
 2 Erik Gudbranson          Sean Durzi               45     1   2  2  

4 vs 4 Forward 
   Center                   Wing                     Time % Phy DF OF 
 1 Zach Hyman               Bo Horvat                55     1   2  2  
 2 Sebastian Aho            Viktor Arvidsson         45     1   2  2  

4 vs 4 Defense
   Defense                  Defense                  Time % Phy DF OF 
 1 Darnell Nurse            Brenden Dillon           55     1   2  2  
 2 Erik Gudbranson          Sean Durzi               45     1   2  2  

Last Minutes Offensive
   Center                   Left Wing                Right Wing               Defense                  Defense                  
   Zach Hyman               Sebastian Aho            Viktor Arvidsson         Darnell Nurse            Brenden Dillon           

Last Minutes Defensive
   Center                   Left Wing                Right Wing               Defense                  Defense                  
   Zach Hyman               Sebastian Aho            Viktor Arvidsson         Darnell Nurse            Brenden Dillon           

Goaltenders
Starting : Igor Shesterkin          
Backup : Kevin Lankinen           

Extra Forwards
Normal : Dakota Joshua, Jared McCann, Zach Hyman - PP : Dakota Joshua, Jared McCann - PK : Zach Hyman
Extra Defensemen
Normal : Michael Anderson, Jacob Middleton, Erik Gudbranson - PP : Michael Anderson - PK : Jacob Middleton, Erik Gudbranson
Penalty Shots
Zach Hyman, Bo Horvat, Sebastian Aho, Viktor Arvidsson, Andrei Svechnikov
Custom OT Lines Forwards
Zach Hyman, Bo Horvat, Sebastian Aho, Viktor Arvidsson, Andrei Svechnikov, Jared McCann, Dakota Joshua, Kyle Palmieri, Trevor Moore, Eeli Tolvanen
Custom OT Lines Defensemen
Darnell Nurse, Brenden Dillon, Erik Gudbranson, Sean Durzi, Michael Anderson

Scratches
None


% Time on Ice - BOISE CARIBOUS

Lines # - Real PCT - Wanted PCT - Time Play
Normal Forward
1 - 31% - 32% - 16:29
2 - 29% - 30% - 15:18
3 - 27% - 26% - 14:16
4 - 13% - 12% - 6:52
Normal Defense
1 - 38% - 37% - 20:08
2 - 33% - 35% - 17:25
3 - 27% - 26% - 14:05
4 - 2% - 2% - 1:17
PP Forward
1 - 55% - 55% - 3:20
2 - 45% - 45% - 2:45
PP Defense
1 - 53% - 55% - 3:15
2 - 47% - 45% - 2:50
PK Forward
1 - 0% - 55%
2 - 0% - 45%
PK Defense
1 - 0% - 55%
2 - 0% - 45%
PK3 Forward
1 - 0% - 55%
2 - 0% - 45%
PK3 Defense
1 - 0% - 55%
2 - 0% - 45%
44 Forward
1 - 0% - 55%
2 - 0% - 45%
44 Defense
1 - 0% - 55%
2 - 0% - 45%
Last Minute Offensive  - 1:00
Last Minute Defensive  - 0:00
Total
Forward - 60:00
Defense - 60:00

% Time on Ice - SAN FRANCISCO SPIDERS

Lines # - Real PCT - Wanted PCT - Time Play
Normal Forward
1 - 31% - 32% - 16:30
2 - 30% - 32% - 15:51
3 - 32% - 31% - 16:49
4 - 7% - 5% - 3:45
Normal Defense
1 - 32% - 36% - 17:06
2 - 40% - 31% - 21:10
3 - 23% - 23% - 11:58
4 - 5% - 10% - 2:41
PP Forward
1 - 0% - 55%
2 - 0% - 45%
PP Defense
1 - 0% - 55%
2 - 0% - 45%
PK Forward
1 - 59% - 55% - 3:35
2 - 41% - 45% - 2:30
PK Defense
1 - 48% - 55% - 2:54
2 - 52% - 45% - 3:11
PK3 Forward
1 - 0% - 55%
2 - 0% - 45%
PK3 Defense
1 - 0% - 55%
2 - 0% - 45%
44 Forward
1 - 0% - 55%
2 - 0% - 45%
44 Defense
1 - 0% - 55%
2 - 0% - 45%
Last Minute Offensive  - 0:00
Last Minute Defensive  - 1:00
Total
Forward - 60:00
Defense - 60:00

Play-by-Play

1st period


0:01 of 1st period - Vincent Trocheck wins face-off versus Bo Horvat in neutral zone.
0:11 of 1st period - Vincent Trocheck is hit by Brenden Dillon and loses puck.
1:31 of 1st period - Shot by Artturi Lehkonen.
1:31 of 1st period - Shot Blocked by Sean Durzi.
1:31 of 1st period - Sean Durzi from SAN FRANCISCO SPIDERS is injured at 1:31 of 1st period (Right Leg).
1:32 of 1st period - Charlie Coyle wins face-off versus Kirby Dach in SAN FRANCISCO SPIDERS zone.
1:52 of 1st period - Shot by Zach Hyman.
1:52 of 1st period - Shot Misses the Net.
1:54 of 1st period - Shot by Jacob Middleton.
1:54 of 1st period - Shot Blocked by Gabriel Vilardi.
1:56 of 1st period - Shot by Andrei Svechnikov.
1:56 of 1st period - Stopped by Ilya Sorokin without a rebound.
1:57 of 1st period - Jesperi Kotkaniemi wins face-off versus Sebastian Aho in BOISE CARIBOUS zone.
1:59 of 1st period - Rasmus Dahlin is hit by Viktor Arvidsson and loses puck.
2:17 of 1st period - Sebastian Aho is hit by Rasmus Dahlin and loses puck.
3:10 of 1st period - Shot by Gabriel Vilardi.
3:10 of 1st period - Shot Misses the Net.
3:26 of 1st period - Shot by Charlie Coyle.
3:26 of 1st period - Stopped by Igor Shesterkin with a rebound.
3:28 of 1st period - Shot by Moritz Seider.
3:28 of 1st period - Shot Blocked by Darnell Nurse.
3:30 of 1st period - Shot by Lawson Crouse.
3:30 of 1st period - Stopped by Igor Shesterkin without a rebound.
3:31 of 1st period - Dakota Joshua wins face-off versus Jean-Gabriel Pageau in SAN FRANCISCO SPIDERS zone.
4:50 of 1st period - Shot by Bo Horvat.
4:50 of 1st period - Stopped by Ilya Sorokin with a rebound.
4:52 of 1st period - Shot by Kyle Palmieri.
4:52 of 1st period - Goal by Kyle Palmieri - BOISE CARIBOUS : 0 - SAN FRANCISCO SPIDERS : 1.
4:53 of 1st period - Vincent Trocheck wins face-off versus Kirby Dach in neutral zone.
5:00 of 1st period - Shot by Zach Hyman.
5:00 of 1st period - Stopped by Ilya Sorokin without a rebound.
5:01 of 1st period - Vincent Trocheck wins face-off versus Sebastian Aho in BOISE CARIBOUS zone.
5:09 of 1st period - Off-side.
5:10 of 1st period - Zach Hyman wins face-off versus Vincent Trocheck in neutral zone.
5:31 of 1st period - Zach Hyman is hit by Marcus Pettersson and loses puck.
5:49 of 1st period - Zach Hyman is hit by Moritz Seider and loses puck.
5:57 of 1st period - Off-side.
5:58 of 1st period - Sebastian Aho wins face-off versus Charlie Coyle in neutral zone.
6:11 of 1st period - Shot by Viktor Arvidsson.
6:11 of 1st period - Deflect By Sebastian Aho.
6:11 of 1st period - Shot Blocked by Rasmus Dahlin.
6:16 of 1st period - Icing by Rasmus Andersson.
6:17 of 1st period - Bo Horvat wins face-off versus Charlie Coyle in BOISE CARIBOUS zone.
6:20 of 1st period - Shot by Bo Horvat.
6:20 of 1st period - Stopped by Ilya Sorokin with a rebound.
6:22 of 1st period - Shot by Bo Horvat.
6:22 of 1st period - Stopped by Ilya Sorokin with a rebound.
6:24 of 1st period - Shot by Bo Horvat.
6:24 of 1st period - Shot Misses the Net.
6:26 of 1st period - Shot by Kyle Palmieri.
6:26 of 1st period - Shot Misses the Net.
6:28 of 1st period - Shot by Bo Horvat.
6:28 of 1st period - Shot Misses the Net.
6:32 of 1st period - Shot by Bo Horvat.
6:32 of 1st period - Stopped by Ilya Sorokin without a rebound.
6:33 of 1st period - Sebastian Aho wins face-off versus Vincent Trocheck in BOISE CARIBOUS zone.
7:06 of 1st period - Shot by Vincent Trocheck.
7:06 of 1st period - Shot Blocked by Viktor Arvidsson.
7:16 of 1st period - Shot by Viktor Arvidsson.
7:16 of 1st period - Shot Misses the Net.
7:24 of 1st period - Dylan DeMelo is hit by Viktor Arvidsson and loses puck.
7:37 of 1st period - Icing by Dylan DeMelo.
7:38 of 1st period - Matt Duchene wins face-off versus Bo Horvat in BOISE CARIBOUS zone.
7:56 of 1st period - Icing by Trevor Moore.
7:57 of 1st period - Jean-Gabriel Pageau wins face-off versus Bo Horvat in SAN FRANCISCO SPIDERS zone.
7:57 of 1st period - Jean-Gabriel Pageau is hit by Jacob Middleton.
8:16 of 1st period - Off-side.
8:17 of 1st period - Charlie Coyle wins face-off versus Kirby Dach in neutral zone.
8:57 of 1st period - Shot by Andrei Svechnikov.
8:57 of 1st period - Stopped by Ilya Sorokin without a rebound.
8:58 of 1st period - Sebastian Aho wins face-off versus Jean-Gabriel Pageau in BOISE CARIBOUS zone.
9:27 of 1st period - Shot by Viktor Arvidsson.
9:27 of 1st period - Shot Misses the Net.
10:05 of 1st period - Off-side.
10:06 of 1st period - Charlie Coyle wins face-off versus Kirby Dach in neutral zone.
10:11 of 1st period - Shot by Charlie Coyle.
10:11 of 1st period - Stopped by Igor Shesterkin without a rebound.
10:12 of 1st period - Jesperi Kotkaniemi wins face-off versus Kirby Dach in SAN FRANCISCO SPIDERS zone.
10:39 of 1st period - Shot by Andrei Svechnikov.
10:39 of 1st period - Shot Blocked by Dylan DeMelo.
10:41 of 1st period - Shot by Kirby Dach.
10:41 of 1st period - Shot Misses the Net.
10:43 of 1st period - Shot by Zach Hyman.
10:43 of 1st period - Shot Blocked by Dylan DeMelo.
10:45 of 1st period - Shot by Zach Hyman.
10:45 of 1st period - Shot Misses the Net.
10:47 of 1st period - Shot by Kirby Dach.
10:47 of 1st period - Shot Blocked by Troy Stecher.
10:49 of 1st period - Shot by Erik Gudbranson.
10:49 of 1st period - Shot Blocked by Dylan DeMelo.
11:21 of 1st period - Shot by Bo Horvat.
11:21 of 1st period - Deflect By Kyle Palmieri.
11:21 of 1st period - Shot Misses the Net.
11:27 of 1st period - Shot by Bo Horvat.
11:27 of 1st period - Stopped by Ilya Sorokin without a rebound.
11:28 of 1st period - Charlie Coyle wins face-off versus Sebastian Aho in BOISE CARIBOUS zone.
11:59 of 1st period - Shot by Sebastian Aho.
11:59 of 1st period - Deflect By Viktor Arvidsson.
11:59 of 1st period - Stopped by Ilya Sorokin without a rebound.
12:00 of 1st period - Bo Horvat wins face-off versus Vincent Trocheck in BOISE CARIBOUS zone.
12:03 of 1st period - Shot by Kyle Palmieri.
12:03 of 1st period - Shot Hit the Post.
12:16 of 1st period - Shot by Bo Horvat.
12:16 of 1st period - Stopped by Ilya Sorokin without a rebound.
12:17 of 1st period - Jean-Gabriel Pageau wins face-off versus Kirby Dach in BOISE CARIBOUS zone.
12:47 of 1st period - Shot by Nick Schmaltz.
12:47 of 1st period - Shot Misses the Net.
12:53 of 1st period - Marcus Pettersson is hit by Zach Hyman.
13:16 of 1st period - Shot by Bo Horvat.
13:16 of 1st period - Deflect By Kyle Palmieri.
13:16 of 1st period - Shot Misses the Net.
13:18 of 1st period - Shot by Bo Horvat.
13:18 of 1st period - Shot Blocked by Marcus Pettersson.
13:24 of 1st period - Shot by Bo Horvat.
13:24 of 1st period - Goal by Bo Horvat - BOISE CARIBOUS : 0 - SAN FRANCISCO SPIDERS : 2.
13:25 of 1st period - Sebastian Aho wins face-off versus Vincent Trocheck in neutral zone.
13:37 of 1st period - Icing by Rasmus Dahlin.
13:38 of 1st period - Bo Horvat wins face-off versus Vincent Trocheck in BOISE CARIBOUS zone.
13:41 of 1st period - Shot by Bo Horvat.
13:41 of 1st period - Shot Misses the Net.
13:47 of 1st period - Shot by Tim Stutzle.
13:47 of 1st period - Shot Misses the Net.
13:51 of 1st period - Shot by Vincent Trocheck.
13:51 of 1st period - Shot Misses the Net.
13:55 of 1st period - Shot by Tim Stutzle.
13:55 of 1st period - Stopped by Igor Shesterkin with a rebound.
13:57 of 1st period - Shot by Rasmus Andersson.
13:57 of 1st period - Stopped by Igor Shesterkin without a rebound.
13:58 of 1st period - Sebastian Aho wins face-off versus Charlie Coyle in SAN FRANCISCO SPIDERS zone.
15:12 of 1st period - Shot by Kyle Palmieri.
15:12 of 1st period - Stopped by Ilya Sorokin with a rebound.
15:32 of 1st period - Trevor Moore is hit by Rasmus Dahlin and loses puck.
16:30 of 1st period - Jean-Gabriel Pageau is hit by Brenden Dillon and loses puck.
17:09 of 1st period - Shot by Charlie Coyle.
17:09 of 1st period - Shot Misses the Net.
17:45 of 1st period - Shot by Tim Stutzle.
17:45 of 1st period - Shot Blocked by Michael Anderson.
17:47 of 1st period - Shot by Matt Duchene.
17:47 of 1st period - Shot Blocked by Michael Anderson.
17:49 of 1st period - Shot by Rasmus Dahlin.
17:49 of 1st period - Shot Blocked by Zach Hyman.
17:51 of 1st period - Shot by Tim Stutzle.
17:51 of 1st period - Stopped by Igor Shesterkin without a rebound.
17:52 of 1st period - Jesperi Kotkaniemi wins face-off versus Sebastian Aho in SAN FRANCISCO SPIDERS zone.
18:11 of 1st period - Shot by Kirill Marchenko.
18:11 of 1st period - Shot Misses the Net.
18:58 of 1st period - Off-side.
18:59 of 1st period - Vincent Trocheck wins face-off versus Kirby Dach in neutral zone.
19:15 of 1st period - Tim Stutzle is hit by Erik Gudbranson and loses puck.
19:32 of 1st period - Shot by Vincent Trocheck.
19:32 of 1st period - Goal by Vincent Trocheck - BOISE CARIBOUS : 1 - SAN FRANCISCO SPIDERS : 2.
19:33 of 1st period - Bo Horvat wins face-off versus Jean-Gabriel Pageau in neutral zone.
19:50 of 1st period - Shot by Bo Horvat.
19:50 of 1st period - Shot Blocked by Dylan DeMelo.
19:52 of 1st period - Shot by Darnell Nurse.
19:52 of 1st period - Shot Blocked by Troy Stecher.
Goals for this period are 1 for BOISE CARIBOUS vs 2 for SAN FRANCISCO SPIDERS.
Shots for this period are 7 for BOISE CARIBOUS vs 13 for SAN FRANCISCO SPIDERS.

2nd period


0:01 of 2nd period - Vincent Trocheck wins face-off versus Sebastian Aho in neutral zone.
0:05 of 2nd period - Off-side.
0:06 of 2nd period - Charlie Coyle wins face-off versus Sebastian Aho in neutral zone.
0:28 of 2nd period - Shot by Charlie Coyle.
0:28 of 2nd period - Shot Blocked by Michael Anderson.
0:30 of 2nd period - Shot by Rasmus Andersson.
0:30 of 2nd period - Shot Misses the Net.
0:32 of 2nd period - Shot by Gabriel Vilardi.
0:32 of 2nd period - Shot Blocked by Michael Anderson.
0:50 of 2nd period - Shot by Charlie Coyle.
0:50 of 2nd period - Deflect By Lawson Crouse.
0:50 of 2nd period - Shot Blocked by Michael Anderson.
0:52 of 2nd period - Shot by Lawson Crouse.
0:52 of 2nd period - Stopped by Igor Shesterkin without a rebound.
0:53 of 2nd period - Kirby Dach wins face-off versus Vincent Trocheck in SAN FRANCISCO SPIDERS zone.
0:53 of 2nd period - Kirby Dach is hit by Vincent Trocheck.
1:03 of 2nd period - Zach Hyman is hit by Tim Stutzle and loses puck.
1:13 of 2nd period - Zach Hyman is hit by Tim Stutzle and loses puck.
2:06 of 2nd period - Trevor Moore is hit by Tim Stutzle.
2:19 of 2nd period - Shot by Erik Gudbranson.
2:19 of 2nd period - Stopped by Ilya Sorokin without a rebound.
2:20 of 2nd period - Jean-Gabriel Pageau wins face-off versus Dakota Joshua in BOISE CARIBOUS zone.
2:20 of 2nd period - Jean-Gabriel Pageau is hit by Trent Frederic.
2:49 of 2nd period - Icing by Erik Gudbranson.
2:50 of 2nd period - Dakota Joshua wins face-off versus Charlie Coyle in SAN FRANCISCO SPIDERS zone.
3:04 of 2nd period - Icing by Troy Stecher.
3:05 of 2nd period - Sebastian Aho wins face-off versus Charlie Coyle in BOISE CARIBOUS zone.
3:13 of 2nd period - Minor Penalty to Sebastian Aho for Hooking.
3:14 of 2nd period - Jean-Gabriel Pageau wins face-off versus Zach Hyman in SAN FRANCISCO SPIDERS zone.
3:17 of 2nd period - Shot by Artturi Lehkonen.
3:17 of 2nd period - Shot Blocked by Darnell Nurse.
3:19 of 2nd period - Shot by Rasmus Dahlin.
3:19 of 2nd period - Stopped by Igor Shesterkin with a rebound.
3:21 of 2nd period - Shot by Matt Duchene.
3:21 of 2nd period - Goal by Matt Duchene - BOISE CARIBOUS : 2 - SAN FRANCISCO SPIDERS : 2.
3:22 of 2nd period - Jean-Gabriel Pageau wins face-off versus Sebastian Aho in neutral zone.
3:30 of 2nd period - Artturi Lehkonen is hit by Brenden Dillon and loses puck.
3:53 of 2nd period - Shot by Artturi Lehkonen.
3:53 of 2nd period - Stopped by Igor Shesterkin with a rebound.
4:01 of 2nd period - Shot by Artturi Lehkonen.
4:01 of 2nd period - Deflect By Nick Schmaltz.
4:01 of 2nd period - Shot Misses the Net.
4:06 of 2nd period - Icing by Darnell Nurse.
4:07 of 2nd period - Sebastian Aho wins face-off versus Charlie Coyle in SAN FRANCISCO SPIDERS zone.
4:32 of 2nd period - Shot by Zach Hyman.
4:32 of 2nd period - Deflect By Kirby Dach.
4:32 of 2nd period - Shot Misses the Net.
4:34 of 2nd period - Shot by Andrei Svechnikov.
4:34 of 2nd period - Goal by Andrei Svechnikov - BOISE CARIBOUS : 2 - SAN FRANCISCO SPIDERS : 3.
4:35 of 2nd period - Bo Horvat wins face-off versus Vincent Trocheck in neutral zone.
4:40 of 2nd period - Shot by Bo Horvat.
4:40 of 2nd period - Shot Misses the Net.
6:23 of 2nd period - Shot by Kirby Dach.
6:23 of 2nd period - Deflect By Andrei Svechnikov.
6:23 of 2nd period - Stopped by Ilya Sorokin without a rebound.
6:24 of 2nd period - Gabriel Vilardi wins face-off versus Sebastian Aho in BOISE CARIBOUS zone.
7:02 of 2nd period - Shot by Sebastian Aho.
7:02 of 2nd period - Shot Misses the Net.
7:14 of 2nd period - Shot by Trent Frederic.
7:14 of 2nd period - Shot Misses the Net.
7:16 of 2nd period - Shot by Erik Gudbranson.
7:16 of 2nd period - Stopped by Ilya Sorokin without a rebound.
7:17 of 2nd period - Vincent Trocheck wins face-off versus Kirby Dach in BOISE CARIBOUS zone.
8:03 of 2nd period - Shot by Vincent Trocheck.
8:03 of 2nd period - Shot Blocked by Erik Gudbranson.
8:05 of 2nd period - Shot by Moritz Seider.
8:05 of 2nd period - Shot Blocked by Erik Gudbranson.
8:15 of 2nd period - Rasmus Andersson is hit by Andrei Svechnikov and loses puck.
8:56 of 2nd period - Shot by Nick Schmaltz.
8:56 of 2nd period - Shot Blocked by Brenden Dillon.
8:58 of 2nd period - Shot by Jean-Gabriel Pageau.
8:58 of 2nd period - Shot Misses the Net.
9:42 of 2nd period - Shot by Lawson Crouse.
9:42 of 2nd period - Deflect By Charlie Coyle.
9:42 of 2nd period - Stopped by Igor Shesterkin without a rebound.
9:43 of 2nd period - Bo Horvat wins face-off versus Vincent Trocheck in SAN FRANCISCO SPIDERS zone.
9:59 of 2nd period - Vincent Trocheck is hit by Trevor Moore and loses puck.
11:24 of 2nd period - Shot by Jared McCann.
11:24 of 2nd period - Stopped by Ilya Sorokin without a rebound.
11:25 of 2nd period - Jesperi Kotkaniemi wins face-off versus Dakota Joshua in BOISE CARIBOUS zone.
11:49 of 2nd period - Shot by Eeli Tolvanen.
11:49 of 2nd period - Stopped by Ilya Sorokin with a rebound.
11:55 of 2nd period - Eeli Tolvanen is hit by Jesperi Kotkaniemi and loses puck.
12:02 of 2nd period - Shot by Kirill Marchenko.
12:02 of 2nd period - Shot Blocked by Michael Anderson.
13:05 of 2nd period - Shot by Jared McCann.
13:05 of 2nd period - Deflect By Sebastian Aho.
13:05 of 2nd period - Stopped by Ilya Sorokin without a rebound.
13:06 of 2nd period - Kirby Dach wins face-off versus Vincent Trocheck in BOISE CARIBOUS zone.
13:23 of 2nd period - Shot by Andrei Svechnikov.
13:23 of 2nd period - Stopped by Ilya Sorokin without a rebound.
13:24 of 2nd period - Bo Horvat wins face-off versus Jean-Gabriel Pageau in BOISE CARIBOUS zone.
14:14 of 2nd period - Nick Schmaltz is hit by Brenden Dillon.
14:32 of 2nd period - Viktor Arvidsson is hit by Rasmus Dahlin and loses puck.
15:04 of 2nd period - Icing by Sebastian Aho.
15:05 of 2nd period - Vincent Trocheck wins face-off versus Kirby Dach in SAN FRANCISCO SPIDERS zone.
15:12 of 2nd period - Shot by Tim Stutzle.
15:12 of 2nd period - Stopped by Igor Shesterkin without a rebound.
15:13 of 2nd period - Charlie Coyle wins face-off versus Kirby Dach in SAN FRANCISCO SPIDERS zone.
15:14 of 2nd period - Shot by Lawson Crouse.
15:14 of 2nd period - Shot Misses the Net.
15:20 of 2nd period - Shot by Gabriel Vilardi.
15:20 of 2nd period - Shot Blocked by Erik Gudbranson.
15:22 of 2nd period - Shot by Marcus Pettersson.
15:22 of 2nd period - Shot Misses the Net.
15:30 of 2nd period - Shot by Lawson Crouse.
15:30 of 2nd period - Stopped by Igor Shesterkin without a rebound.
15:31 of 2nd period - Vincent Trocheck wins face-off versus Bo Horvat in SAN FRANCISCO SPIDERS zone.
15:31 of 2nd period - Vincent Trocheck is hit by Brenden Dillon.
16:14 of 2nd period - Shot by Bo Horvat.
16:14 of 2nd period - Stopped by Ilya Sorokin with a rebound.
16:49 of 2nd period - Shot by Charlie Coyle.
16:49 of 2nd period - Deflect By Lawson Crouse.
16:49 of 2nd period - Stopped by Igor Shesterkin without a rebound.
16:50 of 2nd period - Charlie Coyle wins face-off versus Kirby Dach in SAN FRANCISCO SPIDERS zone.
16:50 of 2nd period - Charlie Coyle is hit by Michael Anderson.
16:54 of 2nd period - Shot by Lawson Crouse.
16:54 of 2nd period - Stopped by Igor Shesterkin without a rebound.
16:55 of 2nd period - Charlie Coyle wins face-off versus Kirby Dach in SAN FRANCISCO SPIDERS zone.
17:08 of 2nd period - Icing by Marcus Pettersson.
17:09 of 2nd period - Bo Horvat wins face-off versus Charlie Coyle in BOISE CARIBOUS zone.
17:14 of 2nd period - Shot by Bo Horvat.
17:14 of 2nd period - Deflect By Trevor Moore.
17:14 of 2nd period - Stopped by Ilya Sorokin with a rebound.
18:46 of 2nd period - Shot by Sebastian Aho.
18:46 of 2nd period - Stopped by Ilya Sorokin with a rebound.
18:48 of 2nd period - Shot by Michael Anderson.
18:48 of 2nd period - Stopped by Ilya Sorokin with a rebound.
19:05 of 2nd period - Rasmus Andersson is hit by Zach Hyman and loses puck.
19:14 of 2nd period - Shot by Andrei Svechnikov.
19:14 of 2nd period - Shot Blocked by Rasmus Andersson.
Goals for this period are 1 for BOISE CARIBOUS vs 1 for SAN FRANCISCO SPIDERS.
Shots for this period are 9 for BOISE CARIBOUS vs 12 for SAN FRANCISCO SPIDERS.

3rd period


0:01 of 3rd period - Charlie Coyle wins face-off versus Bo Horvat in neutral zone.
0:01 of 3rd period - Charlie Coyle is hit by Bo Horvat.
0:15 of 3rd period - Icing by Bo Horvat.
0:16 of 3rd period - Jean-Gabriel Pageau wins face-off versus Bo Horvat in SAN FRANCISCO SPIDERS zone.
0:16 of 3rd period - Jean-Gabriel Pageau is hit by Brenden Dillon.
0:21 of 3rd period - Icing by Darnell Nurse.
0:22 of 3rd period - Bo Horvat wins face-off versus Jean-Gabriel Pageau in SAN FRANCISCO SPIDERS zone.
0:53 of 3rd period - Shot by Bo Horvat.
0:53 of 3rd period - Goal by Bo Horvat - BOISE CARIBOUS : 2 - SAN FRANCISCO SPIDERS : 4.
0:53 of 3rd period - Brian Elliott enters game.
0:54 of 3rd period - Charlie Coyle wins face-off versus Sebastian Aho in neutral zone.
0:54 of 3rd period - Charlie Coyle is hit by Viktor Arvidsson.
1:17 of 3rd period - Minor Penalty to Michael Anderson for Hooking.
1:18 of 3rd period - Zach Hyman wins face-off versus Vincent Trocheck in SAN FRANCISCO SPIDERS zone.
1:59 of 3rd period - Icing by Tim Stutzle.
2:00 of 3rd period - Vincent Trocheck wins face-off versus Zach Hyman in BOISE CARIBOUS zone.
2:49 of 3rd period - Shot by Moritz Seider.
2:49 of 3rd period - Shot Misses the Net.
2:51 of 3rd period - Shot by Matt Duchene.
2:51 of 3rd period - Stopped by Igor Shesterkin without a rebound.
2:52 of 3rd period - Jean-Gabriel Pageau wins face-off versus Zach Hyman in SAN FRANCISCO SPIDERS zone.
3:03 of 3rd period - Shot by Moritz Seider.
3:03 of 3rd period - Shot Misses the Net.
3:05 of 3rd period - Shot by Rasmus Andersson.
3:05 of 3rd period - Shot Blocked by Brenden Dillon.
3:07 of 3rd period - Shot by Moritz Seider.
3:07 of 3rd period - Shot Blocked by Brenden Dillon.
3:09 of 3rd period - Shot by Moritz Seider.
3:09 of 3rd period - Shot Misses the Net.
3:11 of 3rd period - Shot by Moritz Seider.
3:11 of 3rd period - Shot Misses the Net.
3:46 of 3rd period - Shot by Dakota Joshua.
3:46 of 3rd period - Stopped by Brian Elliott without a rebound.
3:47 of 3rd period - Vincent Trocheck wins face-off versus Sebastian Aho in BOISE CARIBOUS zone.
4:03 of 3rd period - Shot by Tim Stutzle.
4:03 of 3rd period - Shot Misses the Net.
4:05 of 3rd period - Shot by Matt Duchene.
4:05 of 3rd period - Stopped by Igor Shesterkin without a rebound.
4:06 of 3rd period - Jean-Gabriel Pageau wins face-off versus Bo Horvat in SAN FRANCISCO SPIDERS zone.
4:13 of 3rd period - Shot by Artturi Lehkonen.
4:13 of 3rd period - Stopped by Igor Shesterkin without a rebound.
4:14 of 3rd period - Bo Horvat wins face-off versus Nick Schmaltz in SAN FRANCISCO SPIDERS zone.
4:14 of 3rd period - Bo Horvat is hit by Jean-Gabriel Pageau.
4:23 of 3rd period - Icing by Rasmus Andersson.
4:24 of 3rd period - Jean-Gabriel Pageau wins face-off versus Jared McCann in BOISE CARIBOUS zone.
5:11 of 3rd period - Icing by Rasmus Andersson.
5:12 of 3rd period - Jean-Gabriel Pageau wins face-off versus Kirby Dach in BOISE CARIBOUS zone.
5:22 of 3rd period - Artturi Lehkonen is hit by Jacob Middleton and loses puck.
5:51 of 3rd period - Shot by Kirby Dach.
5:51 of 3rd period - Shot Blocked by Lawson Crouse.
5:57 of 3rd period - Shot by Kirby Dach.
5:57 of 3rd period - Shot Blocked by Marcus Pettersson.
5:59 of 3rd period - Shot by Jacob Middleton.
5:59 of 3rd period - Stopped by Brian Elliott without a rebound.
6:00 of 3rd period - Vincent Trocheck wins face-off versus Bo Horvat in BOISE CARIBOUS zone.
6:28 of 3rd period - Shot by Trevor Moore.
6:28 of 3rd period - Shot Blocked by Dylan DeMelo.
6:30 of 3rd period - Shot by Bo Horvat.
6:30 of 3rd period - Shot Misses the Net.
6:46 of 3rd period - Shot by Tim Stutzle.
6:46 of 3rd period - Stopped by Igor Shesterkin without a rebound.
6:47 of 3rd period - Charlie Coyle wins face-off versus Sebastian Aho in SAN FRANCISCO SPIDERS zone.
6:52 of 3rd period - Shot by Lawson Crouse.
6:52 of 3rd period - Shot Misses the Net.
7:12 of 3rd period - Shot by Charlie Coyle.
7:12 of 3rd period - Stopped by Igor Shesterkin without a rebound.
7:13 of 3rd period - Jean-Gabriel Pageau wins face-off versus Kirby Dach in SAN FRANCISCO SPIDERS zone.
7:34 of 3rd period - Shot by Kirby Dach.
7:34 of 3rd period - Stopped by Brian Elliott without a rebound.
7:35 of 3rd period - Charlie Coyle wins face-off versus Bo Horvat in BOISE CARIBOUS zone.
7:35 of 3rd period - Moritz Seider is hit by Bo Horvat and loses puck.
7:52 of 3rd period - Shot by Lawson Crouse.
7:52 of 3rd period - Stopped by Igor Shesterkin without a rebound.
7:53 of 3rd period - Vincent Trocheck wins face-off versus Kirby Dach in SAN FRANCISCO SPIDERS zone.
8:32 of 3rd period - Shot by Zach Hyman.
8:32 of 3rd period - Stopped by Brian Elliott without a rebound.
8:33 of 3rd period - Bo Horvat wins face-off versus Gabriel Vilardi in BOISE CARIBOUS zone.
8:46 of 3rd period - Icing by Trevor Moore.
8:47 of 3rd period - Jesperi Kotkaniemi wins face-off versus Bo Horvat in SAN FRANCISCO SPIDERS zone.
8:47 of 3rd period - Jesperi Kotkaniemi is hit by Brenden Dillon.
8:58 of 3rd period - Shot by Kirill Marchenko.
8:58 of 3rd period - Shot Misses the Net.
9:22 of 3rd period - Shot by Kirill Marchenko.
9:22 of 3rd period - Stopped by Igor Shesterkin without a rebound.
9:23 of 3rd period - Sebastian Aho wins face-off versus Artturi Lehkonen in SAN FRANCISCO SPIDERS zone.
9:34 of 3rd period - Shot by Jared McCann.
9:34 of 3rd period - Stopped by Brian Elliott without a rebound.
9:35 of 3rd period - Kirby Dach wins face-off versus Charlie Coyle in BOISE CARIBOUS zone.
10:21 of 3rd period - Shot by Kirby Dach.
10:21 of 3rd period - Stopped by Brian Elliott without a rebound.
10:22 of 3rd period - Jean-Gabriel Pageau wins face-off versus Sebastian Aho in BOISE CARIBOUS zone.
10:22 of 3rd period - Jean-Gabriel Pageau is hit by Viktor Arvidsson.
10:23 of 3rd period - Minor Penalty to Sebastian Aho for Roughing.
10:24 of 3rd period - Nick Schmaltz wins face-off versus Zach Hyman in SAN FRANCISCO SPIDERS zone.
10:31 of 3rd period - Shot by Rasmus Dahlin.
10:31 of 3rd period - Deflect By Vincent Trocheck.
10:31 of 3rd period - Stopped by Igor Shesterkin without a rebound.
10:32 of 3rd period - Vincent Trocheck wins face-off versus Zach Hyman in SAN FRANCISCO SPIDERS zone.
10:43 of 3rd period - Shot by Moritz Seider.
10:43 of 3rd period - Stopped by Igor Shesterkin without a rebound.
10:44 of 3rd period - Zach Hyman wins face-off versus Lawson Crouse in SAN FRANCISCO SPIDERS zone.
11:07 of 3rd period - Shot by Matt Duchene.
11:07 of 3rd period - Shot Blocked by Zach Hyman.
11:17 of 3rd period - Shot by Artturi Lehkonen.
11:17 of 3rd period - Stopped by Igor Shesterkin without a rebound.
11:18 of 3rd period - Bo Horvat wins face-off versus Vincent Trocheck in SAN FRANCISCO SPIDERS zone.
12:27 of 3rd period - Shot by Kirill Marchenko.
12:27 of 3rd period - Stopped by Igor Shesterkin without a rebound.
12:28 of 3rd period - Dakota Joshua wins face-off versus Charlie Coyle in SAN FRANCISCO SPIDERS zone.
12:44 of 3rd period - Shot by Trent Frederic.
12:44 of 3rd period - Stopped by Brian Elliott with a rebound.
12:46 of 3rd period - Shot by Michael Anderson.
12:46 of 3rd period - Stopped by Brian Elliott with a rebound.
12:48 of 3rd period - Shot by Eeli Tolvanen.
12:48 of 3rd period - Stopped by Brian Elliott with a rebound.
12:50 of 3rd period - Shot by Michael Anderson.
12:50 of 3rd period - Stopped by Brian Elliott without a rebound.
12:51 of 3rd period - Jesperi Kotkaniemi wins face-off versus Jared McCann in BOISE CARIBOUS zone.
12:53 of 3rd period - Icing by Moritz Seider.
12:54 of 3rd period - Sebastian Aho wins face-off versus Jesperi Kotkaniemi in BOISE CARIBOUS zone.
13:13 of 3rd period - Moritz Seider is hit by Viktor Arvidsson and loses puck.
13:45 of 3rd period - Moritz Seider is hit by Darnell Nurse and loses puck.
14:13 of 3rd period - Vincent Trocheck is hit by Jacob Middleton and loses puck.
14:27 of 3rd period - Shot by Tim Stutzle.
14:27 of 3rd period - Stopped by Igor Shesterkin without a rebound.
14:28 of 3rd period - Jean-Gabriel Pageau wins face-off versus Kirby Dach in SAN FRANCISCO SPIDERS zone.
15:57 of 3rd period - Shot by Tim Stutzle.
15:57 of 3rd period - Goal by Tim Stutzle - BOISE CARIBOUS : 3 - SAN FRANCISCO SPIDERS : 4.
15:58 of 3rd period - Charlie Coyle wins face-off versus Bo Horvat in neutral zone.
17:00 of 3rd period - Minor Penalty to Trevor Moore for High sticking.
17:01 of 3rd period - Sebastian Aho wins face-off versus Vincent Trocheck in SAN FRANCISCO SPIDERS zone.
17:17 of 3rd period - Shot by Rasmus Dahlin.
17:17 of 3rd period - Stopped by Igor Shesterkin without a rebound.
17:18 of 3rd period - Vincent Trocheck wins face-off versus Zach Hyman in SAN FRANCISCO SPIDERS zone.
18:38 of 3rd period - Shot by Zach Hyman.
18:38 of 3rd period - Shot Misses the Net.
19:04 of 3rd period - BOISE CARIBOUS, Brian Elliott is pulled from the net.
19:04 of 3rd period - Shot by Tim Stutzle.
19:04 of 3rd period - Stopped by Igor Shesterkin without a rebound.
19:05 of 3rd period - Tim Stutzle wins face-off versus Zach Hyman in SAN FRANCISCO SPIDERS zone.
19:08 of 3rd period - Shot by Tim Stutzle.
19:08 of 3rd period - Shot Blocked by Darnell Nurse.
19:18 of 3rd period - Shot by Nick Schmaltz.
19:18 of 3rd period - Shot Misses the Net.
19:20 of 3rd period - Shot by Dylan DeMelo.
19:20 of 3rd period - Stopped by Igor Shesterkin without a rebound.
19:21 of 3rd period - Tim Stutzle wins face-off versus Zach Hyman in SAN FRANCISCO SPIDERS zone.
19:26 of 3rd period - Shot by Nick Schmaltz.
19:26 of 3rd period - Shot Misses the Net.
19:43 of 3rd period - Icing by Rasmus Dahlin.
19:44 of 3rd period - Brian Elliott from BOISE CARIBOUS was sent back in the game.
19:44 of 3rd period - Tim Stutzle wins face-off versus Zach Hyman in BOISE CARIBOUS zone.
19:51 of 3rd period - BOISE CARIBOUS, Brian Elliott is pulled from the net.
19:57 of 3rd period - Shot by Tim Stutzle.
19:57 of 3rd period - Stopped by Igor Shesterkin with a rebound.
Goals for this period are 1 for BOISE CARIBOUS vs 1 for SAN FRANCISCO SPIDERS.
Shots for this period are 17 for BOISE CARIBOUS vs 11 for SAN FRANCISCO SPIDERS.


BRAD
MARCHAND
ANZE
KOPITAR
JAMIE
BENN

EAST COAST

HOCKEY LEAGUE

  • 69.QUE5CHW3
  • 70.CHA3TRV4
  • 71.PITRHI
  • 72.ATLWOR